 Dungeon Crawl Stone Soup version 0.32-a0-834-geaf45d8e21 (webtiles) character file.

Game seed: 5340672347874000436

56 jasper the Shield-Bearer (level 3, -1/33 HPs)
             Began as a Mountain Dwarf Fighter on Mar 25, 2024.
             Was an Initiate of Qazlal.
             Slain by a gnoll
             ... wielding a +0 halberd
              (7 damage)
             ... on level 2 of the Dungeon.
             The game lasted 00:02:30 (1453 turns).

jasper the Shield-Bearer (Mountain Dwarf Fighter)   Turns: 1453, Time: 00:02:31

Health: -1/33      AC: 23    Str: 26    XL:     3   Next: 71%
Magic:  3/3        EV:  3    Int:  8    God:    Qazlal [......]
Gold:   146        SH:  4    Dex:  9    Spells: 2/2 levels left

rFire   . . .        a - +0 war axe
rCold   . . .        c - +0 buckler
rNeg    . . .        e - +0 crystal plate armour
rPois   .            (no helmet)
rElec   .            f - +0 cloak
rCorr   .            k - +1 pair of gloves
SInv    .            (no boots)
Will    .....        (no amulet) Stlth
                     m - +6 ring of strength
HPRegen 0.25/turn    i - +4 ring of protection
MPRegen 0.08/turn

%: no passive effects
@: no status effects
A: runic magic, artefact enchanting
a: Renounce Religion


You were on level 2 of the Dungeon.
You worshipped Qazlal.
Qazlal was noncommittal.
You visited 1 branch of the dungeon, and saw 2 of its levels.

You collected 146 gold pieces.

Inventory:

Hand Weapons
 a - a +0 war axe (weapon)
 g - a +1 antimagic hand axe
Missiles
 j - 8 stones (quivered)
Armour
 b - a +0 scale mail
 c - a +0 buckler (worn)
 e - a +0 crystal plate armour (worn)
 f - a +0 cloak (worn)
 k - a +1 pair of gloves (worn)
Jewellery
 h - a +6 ring of dexterity
 i - a +4 ring of protection (right hand)
 l - a +6 ring of dexterity
 m - a +6 ring of strength (left hand)
Scrolls
 n - a scroll of identify {unknown}
Potions
 d - a potion of might


   Skills:
 + Level 3.7 Fighting
 * Level 3.6 Axes
 + Level 3.7 Armour
 + Level 3.8 Shields


You had 2 spell levels left.
You didn't know any spells.
Your spell library contained the following spells:

 Spells                   Type           Power      Damage    Failure   Level
 Magic Dart               Conj           0%         1d3       83%         1
 Searing Ray              Conj           0%         2d4       92%         2
 Fulminant Prism          Conj/Alch      0%         3d5       100%        4


Dungeon Overview and Level Annotations

Branches:
Dungeon (2/15)

Altars:
Qazlal

Shops:
D:2 :


Innate Abilities, Weirdness & Mutations

Your spellcasting is much less encumbered by armour.
You can use scrolls of enchantment on lesser artefacts.


Message History

You take 6 damage, and have 16/31 hp.
You slash the gnoll!
The gnoll is almost dead.
The gnoll hits you with a +0 halberd. You block the gnoll's attack.
You take 3 damage, and have 13/31 hp.
You hit the gnoll.
You kill the gnoll!
Qazlal accepts your kill.
You slash the rat!
You kill the rat!
Qazlal accepts your kill.
You hit the gnoll but do no damage. The gnoll hits you but does no damage.
You barely miss the gnoll.
The gnoll hits you but does no damage. x3
You slash the gnoll!
The gnoll is severely wounded.
The gnoll hits you with a +0 whip.
The gnoll hits you but does no damage. x2
You take 5 damage, and have 10/31 hp.
You closely miss the gnoll.
The gnoll is severely wounded.
The gnoll hits you from afar with a +0 halberd.
* * * LOW HITPOINT WARNING * * *
You block the gnoll's attack.
The gnoll hits you from afar with a +0 halberd.
* * * LOW HITPOINT WARNING * * *
You take 3 damage, and have 7/31 hp.
You hit the gnoll.
You kill the gnoll!
Qazlal accepts your kill.
The gnoll hits you from afar with a +0 halberd.
* * * LOW HITPOINT WARNING * * *
You take 2 damage, and have 5/33 hp.
Okay, then.
You aren't carrying any items that you can evoke.
Unknown command.
Okay, then.
You block the gnoll's attack.
Things that are here:
a +0 whip; a +0 halberd; a rat corpse You closely miss the gnoll.
The gnoll hits you with a +0 halberd!
You die...

### ... ... ######.# ###.# ## ..#
#.#.##.### #...## .. ..#
#.#......# #..... .#### #.#
#.#..#.#.# #<.... .+..# #.#
#.####.#.# #..... .##.# #.#
#......#.######รท....
..#.###.#############............
...............g@................
#.#####.#############.#####'#####
#.# #.#......#......##.........
#.# #.#.####.#.###..##.........
#.# #...# #.#.###..##.........
#.# ##### #.#.......#.........
#.# #......#.#.......#.........
#.# #......#.........#.#######.
#.# #......###.......#.# #.....


You could see a gnoll.

Vanquished Creatures
  2 gnolls (D:2)
  5 bats
  4 endoplasms
  A giant cockroach (D:2)
  6 goblins
  5 hobgoblins
  A quokka (D:2)
  A ball python (D:2)
  3 frilled lizards
  2 kobolds
  5 rats
35 creatures vanquished.

Notes
Turn   | Place    | Note
-------+----------+-------------------------------------------
     0 | D:1      | jasper the Mountain Dwarf Fighter began the quest for the
                  | Orb.
     0 | D:1      | Reached XP level 1. HP: 19/19 MP: 1/1
     8 | D:1      | Noticed a rime drake
     8 | D:1      | Noticed a polar bear
     8 | D:1      | Noticed a lindwurm
     8 | D:1      | Noticed a boulder beetle
     8 | D:1      | Noticed a black mamba
   445 | D:1      | Reached XP level 2. HP: 26/26 MP: 2/2
   618 | D:1      | Found a faded altar of an unknown god.
  1034 | D:2      | Reached XP level 3. HP: 25/31 MP: 3/3
  1105 | D:2      | Found Foumef's Book Emporium.
  1265 | D:2      | Found a stormy altar of Qazlal.
  1298 | D:2      | Became a worshipper of Qazlal Stormbringer
  1453 | D:2      | Slain by a gnoll

Illustrated notes

Levels and vault maps discovered:
D:1:      onia_arrival_zoo_common, layout_loops_corners,
          hellmonk_ecumenical_altar_slurped_away
D:2:      layout_basic, serial_shops, nicolae_book_shop_shelving, basic_altar,
          kennysheep_another_room

Skill      XL: |  1  2 |
---------------+-------+-----
Axes           | 3 |  3.6
Fighting       | |  3.7
Armour         | |  3.7
Shields        | |  3.8

Action                     || total
---------------------------++-------
  Melee: War axe           ||    80
    Use: Scroll            ||     2
 Armour: Crystal plate arm ||    91
         Scale mail        ||     4
  Dodge: Dodged            ||    10
  Block: Buckler           ||    19

Table legend: (Time is in decaauts)
 A = Elapsed time spent in this place.
 B = Non-inter-level travel time spent in this place.
 C = Inter-level travel time spent in this place.
 D = Time resting spent in this place.
 E = Time spent auto-exploring this place.
 F = Levels seen in this place.
 G = Mean time per level.
                   A        B        C        D        E       F      G
               +--------+--------+--------+--------+--------+-----+--------+
         Total |   1489 |   1459 |     30 |      4 |   1090 |   2 |  744.5 |
       Dungeon |   1489 |   1459 |     30 |      4 |   1090 |   2 |  744.5 |
               +--------+--------+--------+--------+--------+-----+--------+

Top non-repeatable levels by time:
     D:1: 1005 daAuts
     D:2: 484 daAuts
